 Dungeon Crawl Stone Soup version 0.21.1-1-g345015f (webtiles) character file.

308 sking99 the Cudgeler (level 6, 0/37 HPs)
             Began as a Gargoyle Fighter on June 24, 2018.
             Killed by nerve-wracking pain
             ... invoked by Menkaure
              (1 damage)
             ... on level 4 of the Dungeon.
             The game lasted 00:08:43 (3537 turns).

sking99 the Cudgeler (Gargoyle Fighter)             Turns: 3537, Time: 00:08:44

Health: 0/37       AC: 13    Str: 20    XL:     6   Next: 40%
Magic:  6/6        EV:  7    Int:  9    God:
Gold:   248        SH:  9    Dex: 10    Spells: 5/5 levels left

rFire    . . .     SeeInvis .   a - +0 flail
rCold    . . .     Gourm    .   c - +0 shield
rNeg     + . .     Faith    .   b - +0 scale mail
rPois    ∞         Spirit   .   (no helmet)
rElec    +         Reflect  .   (no cloak)
rCorr    .         Harm     .   j - +0 pair of gloves (curse)
MR       .....                  u - +0 pair of boots
Stlth    ..........             (no amulet)
HPRegen  0.12/turn              (no ring)
MPRegen  0.10/turn              (no ring)

@: flying
A: negative energy resistance 1, electricity resistance, unbreathing,
petrification resistance, rot immunity, AC +4
a: no special abilities


You were on level 4 of the Dungeon.
You were not hungry.

You visited 1 branch of the dungeon, and saw 4 of its levels.

You collected 248 gold pieces.

Inventory:

Hand Weapons
 a - a +0 flail (weapon)
Missiles
 e - 320 stones (quivered)
 k - a throwing net
 A - 4 tomahawks
Armour
 b - a +0 scale mail (worn)
 c - a +0 shield (worn)
 j - a cursed +0 pair of gloves (worn)
 u - a +0 pair of boots (worn)
 w - a +4 chain mail of fire resistance
Jewellery
 l - an uncursed ring of resist corrosion {unknown}
 x - an uncursed amulet of regeneration {unknown}
Wands
 v - a wand of enslavement (1)
Scrolls
 g - a scroll of fog {unknown}
 h - 5 scrolls of identify {unknown}
 i - 2 scrolls of amnesia {unknown}
 n - a scroll of enchant weapon {unknown}
 o - 2 scrolls of teleportation {unknown}
 p - a scroll of noise {unknown}
 q - 2 scrolls of remove curse {unknown}
Potions
 t - a potion of heal wounds {unknown}
 z - a potion of degeneration {unknown}
Books
 s - a book of Cantrips

   Spells                             Type                      Level
   a - Confusing Touch                Hexes                        1
   b - Animate Skeleton               Necromancy                   1
   c - Summon Small Mammal            Summoning                    1
   d - Apportation                    Translocation                1
 y - a book of Changes

   Spells                             Type                      Level
   a - Beastly Appendage              Transmutation                1
   b - Sticks to Snakes               Transmutation                2
   c - Spider Form                    Transmutation/Poison         3
   d - Ice Form                       Ice/Transmutation            4
   e - Blade Hands                    Transmutation                5
Comestibles
 d - a chunk of flesh
 f - 5 rations


   Skills:
 - Level 3.2 Fighting
 + Level 6.6 Maces & Flails
 - Level 3.2 Armour
 - Level 3.2 Shields


You had 5 spell levels left.
You didn't know any spells.

Dungeon Overview and Level Annotations

Branches:
Dungeon (4/15)
 Temple: D:4-7

Altars:
Trog

Annotations:
D:4 Menkaure; Merlin's ghost, novice DsCK


Innate Abilities, Weirdness & Mutations

You are resistant to torment.
Your stone body is resilient. (AC +4)
You are immune to poison.
You resist negative energy. (rN+)
You are resistant to electric shocks. (rElec)
You can survive without breathing.
You are immune to petrification.
You are immune to rotting.


Message History

Menkaure hits you but does no damage. x2
You barely miss Menkaure.
Menkaure is severely damaged.
Menkaure calls on the powers of darkness!
Your body is wracked with pain!
You hit Menkaure.
Menkaure is severely damaged.
Menkaure hits you!
You hit Menkaure.
Menkaure is severely damaged.
Menkaure hits you!
* * * LOW HITPOINT WARNING * * *
Menkaure hits you but does no damage.
Unknown command.
It was a potion of flight.
You feel very buoyant.
You fly up into the air.
Menkaure points at you and mumbles some strange words.
Pain shoots through your body!
You die...

...#....# ...#....#.....# ...
#......... #.........
#.........# #.........#
#.......... #....####.### #
#.@M.##.....##
##########..###.....##...8.# #
.........#...........##.)..#.##
########.#.####.....###..#8...#
#.#..........#.#...#.###
#.########...##....# # #.#
##.##...##.# #.# #.#))### #..
#.# #.#.#########


You could see Menkaure.

Vanquished Creatures
  An orc warrior (D:4)
  An orc priest (D:4)
  2 orc wizards (D:4)
  Ijyb (D:3)
  2 adders
  An ooze (D:4)
  A worm (D:3)
  2 dart slugs
  A leopard gecko (D:3)
  7 orcs
  6 bats
  6 giant cockroaches
  12 goblins
  4 hobgoblins
  3 jackals (D:3)
  2 quokkas
  A frilled lizard (D:3)
  10 kobolds
  7 rats
70 creatures vanquished.

Notes
Turn   | Place    | Note
-------+----------+-------------------------------------------
     0 | D:1      | sking99 the Gargoyle Fighter began the quest for the Orb.
     0 | D:1      | Reached XP level 1. HP: 14/14 MP: 1/1
    96 | D:1      | Reached XP level 2. HP: 9/19 MP: 2/2
   400 | D:1      | Reached skill level 3 in Maces & Flails
   779 | D:2      | Reached XP level 3. HP: 23/23 MP: 3/3
  1294 | D:3      | Reached skill level 4 in Maces & Flails
  1322 | D:3      | Reached XP level 4. HP: 27/28 MP: 4/4
  1542 | D:3      | Noticed Ijyb
  1586 | D:3      | Killed Ijyb
  1745 | D:3      | Found a bloodstained altar of Trog.
  2348 | D:4      | Reached skill level 5 in Maces & Flails
  2359 | D:4      | Reached XP level 5. HP: 18/32 MP: 5/5
  2383 | D:4      | Noticed Merlin's ghost (novice DsCK)
  3246 | D:4      | Noticed an orc warrior
  3289 | D:4      | Killed an orc warrior
  3289 | D:4      | Reached skill level 6 in Maces & Flails
  3289 | D:4      | Reached XP level 6. HP: 12/37 MP: 6/6
  3510 | D:4      | Noticed Menkaure
  3536 | D:4      | HP: 1/37 [Menkaure (16)]
  3537 | D:4      | Killed from afar by Menkaure

Skill      XL: |  1  2  3  4  5 |
---------------+----------------+-----
Maces & Flails | 3 4 5 6 |  6.6
Fighting       | |  3.2
Armour         | |  3.2
Shields        | |  3.2

Action                   |  1- 3 |  4- 6 || total
-------------------------+-------+-------++-------
Melee: Flail             |   150 |   171 ||   321
Throw: Stone             |     4 |     3 ||     7
  Use: Potion            |       |     3 ||     3
  Eat: Chunk             |     2 |     5 ||     7
       Ration            |       |     1 ||     1
Armor: Scale mail        |    81 |   148 ||   229
Dodge: Dodged            |    60 |    88 ||   148
Block: Shield            |    87 |   100 ||   187
